 Dungeon Crawl Stone Soup version 0.31-a0-344-gd109795599 (webtiles) character file.

Game seed: 9541391765256656428

256 AIAndy the Ruffian (level 6, -1/4 HPs)
             Began as an Octopode Shapeshifter on July 22, 2023.
             Slain by Ijyb
             ... wielding a +0 dagger
              (5 damage)
             ... on level 3 of the Dungeon.
             The game lasted 00:06:18 (1549 turns).

AIAndy the Ruffian (Octopode Shapeshifter)          Turns: 1549, Time: 00:06:18

Health: -1/4       AC: 31    Str: 16    XL:     6   Next: 16%
Magic:  6/6        EV: 12    Int: 10    God:
Gold:   118        SH:  0    Dex: 13    Spells: 5/5 levels left

rFire   . .          .
                       - Unarmed
rCold   + . .        (no shield)
rNeg    + . .        (helmet restricted)
rPois   ∞            (no amulet)
rElec   +            C - ring of protection from cold
rCorr   .            (no ring)
SInv    .            (no ring)
Will    .....        (no ring)
Stlth   ++           (no ring)
HPRegen 0.20/turn    (no ring)
MPRegen 0.10/turn    (no ring)
                     (no ring)

%: no passive effects
@: confused, statue-form, very slow
A: slow and powerful, torment resistance 1, reduced hp, almost no armour,
amphibious, 8 rings, camouflage 1, (gelatinous body 1), (nimble swimmer 1),
tentacles
a: Begin Untransformation


You were on level 3 of the Dungeon.
You were a living statue of rough stone.
You visited 1 branch of the dungeon, and saw 3 of its levels.

You collected 118 gold pieces.


Innate Abilities, Weirdness & Mutations

You are a living statue of rough stone.
Your actions are slow, but your melee attacks are powerful.
You are resistant to unholy torment.
Your maximum health is decreased, since you lack skill for your form.
You cannot wear most types of armour.
You are amphibious.
You can wear up to eight rings at the same time.
You are immune to poison.
Your skin changes colour to match your surroundings (Stealth+).
((Your rubbery body absorbs attacks. (AC +1, EV +1)))
((You are camouflaged when in or above water. (Stealth+)))
You have tentacles for arms and can constrict up to eight enemies at once.


   Skills:
 - Level 1.0 Fighting
 - Level 2.0 Dodging
 - Level 5.2 Unarmed Combat
 + Level 4.5 Shapeshifting


You had 5 spell levels left.
You didn't know any spells.
Your spell library contained the following spells:

 Spells                   Type           Power      Damage    Failure   Level
 Sandblast                Erth           0%         2d4       36%         1
 Passwall                 Tmut/Erth      0%         N/A       50%         2
 Stone Arrow              Conj/Erth      0%         3d7       75%         3
 Tukima's Dance           Hex            0%         N/A       75%         3
 Passage of Golubria      Tloc           0%         N/A       98%         4
 Yara's Violent Unravell  Hex/Tmut       0%         3d3       100%        5

Inventory:

Magical Staves
 d - a staff of cold
Jewellery
 C - a ring of protection from cold (left tentacle)
Talismans
 b - a beast talisman
 q - a granite talisman
Wands
 l - a wand of flame (17)
Scrolls
 g - a scroll of enchant armour {unknown}
 i - a scroll of poison {unknown}
 j - a scroll of revelation {unknown}
 k - a scroll of fog {unknown}
 m - a scroll of fear {unknown}
 p - a scroll of teleportation {unknown}
Potions
 a - a potion of lignification {!q}
 c - a potion of attraction {unknown}
 e - a potion of experience {unknown}
 f - a potion of haste {unknown}
 h - a potion of degeneration {!q}
 n - a potion of might {unknown}
 o - a potion of curing {@q1}

Dungeon Overview and Level Annotations

Branches:
Dungeon (3/15)

Altars:
Cheibriados

Shops:
D:1 =?

Annotations:
D:3 Ijyb

......)..)).............##
##....)..................#
...####.#######....<.....#
# #...## #..........#
###..# #..........# ##.#
#..........# # #.#
##....>..(## #####
##)######g.....## ....#
#.......8####### .##.##
#........#
.##..####........#
.###...).........# .#
#####.........# ##
##........# # #........#
#........# #........#


You could see Ijyb.


Message History

You feel agile.
You have reached level 6!
You are too confused!
You feel less confused.
As you read the scroll of identify {@r1}, it crumbles to dust.
o - a potion of curing You start resting.
Your transformation is almost over.
You feel less wooden.
You turn into a hulking beast.
HP restored.
Your transformation has ended.
You turn into a living statue of rough stone.
Things that are here:
a +0 flail; an orc corpse
m - a scroll labelled FEFEDUEMIKH Ijyb the Twisted Goblin comes into view.
She is wielding a +0 dagger and carrying a wand of charming.
Ijyb shouts!
Ijyb zaps a wand.
Your will is overpowered!
You are confused.
You bump into the rock wall.
Ijyb hits you but does no damage.
You bump into the rock wall.
Ijyb zaps a wand.
Your will is overpowered!
You are more confused.
You bump into the rock wall.
Ijyb screams, "Level is mine!
All mine!"
Ijyb hits you with a +0 dagger.
Ouch! That really hurt!
You die...

Skill      XL: |  1  2  3  4 |
---------------+-------------+-----
Unarmed Combat | 4 5 |  5.2
Shapeshifting  | 4 |  4.5
Fighting       | |  1.0
Dodging        | |  2.0

Action                     |  1- 3 |  4- 6 || total
---------------------------+-------+-------++-------
  Melee: Unarmed           |    61 |    37 ||    98
         Constrict         |    19 |    10 ||    29
         Tentacles         |    12 |     4 ||    16
         Punch             |     3 |     1 ||     4
    Use: Scroll            |       |     2 ||     2
         Potion            |       |     1 ||     1
   Stab: Sleeping          |     9 |     2 ||    11
 Armour: Skin              |     7 |     4 ||    11
  Dodge: Dodged            |    37 |    13 ||    50
   Form: Statue            |       |     1 ||     1

Levels and vault maps discovered:
D:1:      saegor_arrival_simple_d, layout_basic, serial_shops,
          nicolae_shop_tiny_real_fake_doors, nicolae_nh_oracle_at_delphi
D:2:      layout_basic, basic_altar
D:3:      layout_rooms, mainiacjoe_overflow_brackets, serial_shops,
          nicolae_shop_stone, nrook_campfire, uniq_sigmund, uniq_terence,
          uniq_ijyb

Notes
Turn   | Place    | Note
-------+----------+-------------------------------------------
     0 | D:1      | AIAndy the Octopode Shapeshifter began the quest for the
                  | Orb.
     0 | D:1      | Reached XP level 1. HP: 13/13 MP: 1/1
   110 | D:1      | Reached XP level 2. HP: 18/18 MP: 2/2
   187 | D:1      | Found Kemooc's Jewellery Boutique.
   252 | D:1      | Reached skill level 4 in Unarmed Combat
   316 | D:1      | Reached XP level 3. HP: 23/23 MP: 3/3
   471 | D:1      | Found The Oracle's Delphic Readings.
   760 | D:2      | Reached XP level 4. HP: 28/28 MP: 4/4
   800 | D:2      | Found a snail-covered altar of Cheibriados.
  1114 | D:2      | Reached skill level 5 in Unarmed Combat
  1346 | D:3      | Noticed Sigmund
  1480 | D:3      | Killed Sigmund
  1481 | D:3      | Reached skill level 4 in Shapeshifting
  1481 | D:3      | Reached XP level 5. HP: 33/33 MP: 5/5
  1481 | D:3      | Reached XP level 6. HP: 38/38 MP: 6/6
  1544 | D:3      | Noticed Ijyb
  1549 | D:3      | Slain by Ijyb

Vanquished Creatures
  Sigmund (D:3)
  3 adders
  A worm (D:2)
  6 dart slugs
  4 orcs (D:3)
  3 endoplasms
  2 giant cockroaches (D:1)
  5 goblins (D:1)
  3 hobgoblins
  3 jackals (D:1)
  4 quokkas
  3 ball pythons
  7 bats
  2 frilled lizards
  3 kobolds
  4 rats
54 creatures vanquished.

Table legend: (Time is in decaauts)
 A = Elapsed time spent in this place.
 B = Non-inter-level travel time spent in this place.
 C = Inter-level travel time spent in this place.
 D = Time resting spent in this place.
 E = Time spent auto-exploring this place.
 F = Levels seen in this place.
 G = Mean time per level.
                   A        B        C        D        E       F      G
               +--------+--------+--------+--------+--------+-----+--------+
         Total |   1549 |   1458 |     91 |     37 |   1058 |   3 |  516.3 |
       Dungeon |   1549 |   1458 |     91 |     37 |   1058 |   3 |  516.3 |
               +--------+--------+--------+--------+--------+-----+--------+

Top non-repeatable levels by time:
     D:1: 705 daAuts
     D:2: 664 daAuts
     D:3: 179 daAuts

Table legend:
 A = Non-vault XP
 B = Vault XP
 C = Vault XP percentage of total XP
 D = Non-vault monster count
 E = Vault monster count
 F = Vault count percentage of total count
                 A         B        C        D         E       F
            +---------+---------+-------+---------+---------+-------
      Total |     138 |     229 |  62.4 |      51 |       3 |   5.6
            +---------+---------+-------+---------+---------+-------
        D:1 |      57 |       6 |   9.5 |      31 |       2 |   6.1
        D:2 |      48 |       0 |   0.0 |      12 |       0 |   0.0
        D:3 |      33 |     223 |  87.1 |       8 |       1 |  11.1
            +---------+---------+-------+---------+---------+-------
